 Dungeon Crawl Stone Soup version 0.31.0-10-gcf4a605ca0 (webtiles) character file.

Game seed: 12555566224558296895

7 monsoonserge the Caller (level 2, 0/19 HPs)
             Began as a Gnoll Summoner on Jan 26, 2024.
             Constricted to death by a ball python (1 damage)
             ... on level 1 of the Dungeon.
             The game lasted 00:02:34 (181 turns).

monsoonserge the Caller (Gnoll Summoner)             Turns: 181, Time: 00:02:35

Health: 0/19       AC:  3    Str:  7    XL:     2   Next: 4%
Magic:  3/7        EV:  9    Int: 14    God:
Gold:   24         SH:  0    Dex: 12    Spells: 9/10 levels left

rFire   . . .        g - +0 trident
rCold   . . .        (no shield)
rNeg    . . .        f - +0 leather armour
rPois   .            (no helmet)
rElec   .            (no cloak)
rCorr   .            (no gloves)
SInv    .            (no boots)
Will    .....        (no amulet)
Stlth   ++           (no ring)
HPRegen 0.23/turn    (no ring)
MPRegen 0.10/turn

%: no passive effects
@: very slightly contaminated, constricted
A: fangs 1, strong nose, distributed training
a: no special abilities


You were on level 1 of the Dungeon.
You visited 1 branch of the dungeon, and saw 1 of its levels.

You collected 24 gold pieces.

Inventory:

Hand Weapons
 g - a +0 trident (weapon)
Armour
 a - a +0 robe
 f - a +0 leather armour (worn)
Scrolls
 c - a scroll of silence {unknown}
 d - a scroll of enchant weapon {unknown}
 e - a scroll of revelation {unknown}
Potions
 b - a potion of magic


   Skills:
 + Level 0.2 Fighting
 + Level 0.2 Short Blades
 + Level 0.2 Long Blades
 + Level 0.2 Axes
 + Level 0.2 Maces & Flails
 + Level 0.2 Polearms
 + Level 0.2 Staves
 + Level 0.2 Ranged Weapons
 + Level 0.2 Throwing
 + Level 0.2 Armour
 + Level 4.4 Dodging
 + Level 4.0 Stealth
 + Level 0.2 Shields
 + Level 0.2 Unarmed Combat
 + Level 4.9 Spellcasting
 + Level 0.1 Conjurations
 + Level 0.1 Hexes
 + Level 7.0 Summonings
 + Level 0.1 Necromancy
 + Level 0.1 Translocations
 + Level 0.1 Fire Magic
 + Level 0.1 Ice Magic
 + Level 0.1 Air Magic
 + Level 0.1 Earth Magic
 + Level 0.1 Alchemy
 + Level 0.3 Invocations
 + Level 0.2 Evocations
 + Level 0.2 Shapeshifting


You had 9 spell levels left.
You knew the following spells:

 Your Spells              Type           Power      Damage    Failure   Level
a - Summon Small Mammal   Summ           92%        N/A       1%          1

Your spell library contained the following spells:

 Spells                   Type           Power      Damage    Failure   Level
 Call Imp                 Summ           46%        N/A       2%          2
 Call Canine Familiar     Summ           23%        N/A       4%          3
 Summon Blazeheart Golem  Fire/Summ      13%        N/A       50%         4
 Summon Lightning Spire   Summ/Air       13%        N/A       50%         4


Dungeon Overview and Level Annotations

Branches:
Dungeon (1/15)

Altars:


Innate Abilities, Weirdness & Mutations

You have very sharp teeth.
Your uncanny sense of smell can sniff out nearby items.
Your experience applies equally to all skills.


Message History

Your quokka closely misses the hobgoblin. x2
The goblin hits your quokka with a +0 dagger.
The hobgoblin hits you. x2
* * * LOW HITPOINT WARNING * * *
The hobgoblin hits your quokka.
Your quokka bites the hobgoblin.
Your quokka misses the hobgoblin. You closely miss the hobgoblin.
The hobgoblin is moderately wounded.
Your quokka bites the hobgoblin.
The goblin hits your quokka with a +0 dagger.
The hobgoblin hits your quokka.
Your quokka dies!
Your quokka's corpse disappears in a puff of smoke!
The hobgoblin hits you.
* * * LOW HITPOINT WARNING * * *
Your quokka closely misses the goblin.
The goblin barely misses your quokka.
You hit the hobgoblin but do no damage.
The hobgoblin is severely wounded.
Your quokka barely misses the goblin.
The hobgoblin closely misses you. The hobgoblin hits you.
* * * LOW HITPOINT WARNING * * *
Your quokka closely misses the goblin.
The goblin hits your quokka with a +0 dagger.
Your quokka dies!
Your quokka's corpse disappears in a puff of smoke!
The hobgoblin misses you.
Casting: Summon Small Mammal (safe; 1% risk of failure)
Confirm with . or Enter, or press ? or * to list all spells.
You miscast Summon Small Mammal.
You are very lightly contaminated with residual magic.
Nothing appears to happen.
The hobgoblin barely misses you. The hobgoblin hits you.
* * * LOW HITPOINT WARNING * * *
The ball python bites you but does no damage.
The ball python barely misses you.
Casting: Summon Small Mammal (safe; 1% risk of failure)
Confirm with . or Enter, or press ? or * to list all spells.
The ball python bites you but does no damage.
The ball python grabs you. The ball python constricts you.
You die...

#.#.# #....... ########'#.#
#.......
#..........###########.###.
#..........#...........###.
#.........>................
#..........#........#......
##########.†..#.. ..#......
#r##.#### #...... #@gB.....
#..###. #gSg..... #..# ##
#g#...### #..# .........
.... ....####.. #####
.....# . ......# .......#
.S......#


You could see a giant cockroach, 3 hobgoblins, a goblin, a ball python and a
friendly rat (summoned).

Vanquished Creatures
  A ball python (D:1)
1 creature vanquished.

Vanquished Creatures (collateral kills)
  2 endoplasms (D:1)
  A hobgoblin (D:1)
  A ball python (D:1)
  A bat (D:1)
  A frilled lizard (D:1)
  A rat (D:1)
7 creatures vanquished.

Grand Total: 8 creatures vanquished

Notes
Turn   | Place    | Note
-------+----------+-------------------------------------------
     0 | D:1      | monsoonserge the Gnoll Summoner began the quest for the
                  | Orb.
     0 | D:1      | Reached XP level 1. HP: 13/13 MP: 6/6
   176 | D:1      | Reached XP level 2. HP: 10/19 MP: 4/7
   181 | D:1      | Constricted to death by a ball python

Illustrated notes

Levels and vault maps discovered:
D:1:      giann_horns, layout_basic, minmay_lizard_pond

Action                     || total
---------------------------++-------
  Melee: Trident           ||     8
         Unarmed           ||     2
         Bite              ||     1
   Cast: Summon Small Mamm ||    11
   Stab: Sleeping          ||     1
 Armour: Leather armour    ||    15
         Robe              ||     1
  Dodge: Dodged            ||    13
